AoeStats
← The Scampy

Arabia

506891715Analyzed
4v4 RM · 15d ago on Sep 15, 2026· 54m 52s· 8 players
Game mode
Random Map
Map size
Large (8 player)
Population
200
Speed
Normal
Resources
Standard
Victory
Conquest
Starting age
Dark Age
Ending age
Imperial Age
RankedLock teamsTeams togetherTeam positionsShared explorationLock speedFull tech treeHidden civsTurbo modeCheats
Victory
Defeat
🇬🇧 Cumans · United Kingdom
970
+13
🇦🇷 Lithuanians · Argentina
956
+14
🇪🇸 Goths · Spain
949
+14
🇨🇿 Huns · Czechia
930
+14
🇩🇪 Burgundians · Germany
914
-14
🇩🇪 Inca · Germany
908
-14
🇩🇪 Sicilians · Germany
906
-14
🇩🇪 Burmese · Germany
887
-13
OldFlesty
0:27 Loom
13:18 Feudal Age
14:39 Wheelbarrow
19:09 Castle Age
19:35 Double-Bit Axe
24:37 Hand Cart
31:49 Bow Saw
31:53 Fletching
31:33 Capped Ram
32:31 Town Watch
36:53 Gold Mining
41:32 Imperial Age
39:46 Bloodlines
39:51 Forging
39:47 Scale Barding Armor
40:17 Light Cavalry
41:58 Ballistics
41:45 Cavalier
41:52 Hussar
43:07 Conscription
44:06 Gold Shaft Mining
43:25 Stone Mining
44:37 Iron Casting
44:23 Chain Barding Armor
45:47 Two-Man Saw
45:49 Steppe Husbandry
45:28 Paladin
48:22 Plate Barding Armor
48:48 Blast Furnace
47:13 Heavy Cavalry Archer
49:27 Parthian Tactics
49:35 Bodkin Arrow
49:41 Padded Archer Armor
51:15 Chemistry
51:00 Hoardings
50:54 Siege Ram
DESTINNI
8:28 Loom
10:42 Feudal Age
11:13 Double-Bit Axe
11:10 Horse Collar
17:29 Castle Age
17:30 Fletching
17:41 Padded Archer Armor
18:45 Bodkin Arrow
18:50 Gold Mining
23:35 Bow Saw
24:39 Bloodlines
25:31 Ballistics
26:40 Husbandry
26:56 Leather Archer Armor
29:08 Pikeman
30:22 Thumb Ring
37:56 Imperial Age
36:01 Wheelbarrow
39:40 Chemistry
38:42 Bracer
39:04 Conscription
40:49 Two-Man Saw
39:49 Heavy Plow
41:47 Stone Mining
43:53 Masonry
43:50 Scale Barding Armor
43:55 Forging
43:10 Cavalier
44:03 Town Watch
44:34 Hand Cart
46:16 Elite Tarkan
51:04 Chain Barding Armor
51:20 Iron Casting
54:03 Town Patrol
54:50 Parthian Tactics
54:25 Heavy Cavalry Archer
54:25 Elite Skirmisher
55:07 Scale Mail Armor
76561199184427487
11:04 Feudal Age
16:20 Castle Age
14:43 Stone Mining
16:16 Double-Bit Axe
18:09 Wheelbarrow
23:18 Gold Mining
28:01 Scale Barding Armor
28:06 Forging
31:24 Forging
43:19 Bow Saw
48:06 Chain Barding Armor
49:49 Iron Casting
51:21 Horse Collar
52:15 Heavy Plow
Walolo
0:25 Loom
20:50 Feudal Age
22:09 Double-Bit Axe
22:08 Horse Collar
22:20 Gold Mining
22:21 Stone Mining
24:32 Wheelbarrow
23:43 Town Watch
24:02 Scale Mail Armor
24:13 Forging
23:26 Man-at-Arms
26:55 Castle Age
28:55 Long Swordsman
29:54 Chain Mail Armor
30:14 Iron Casting
30:08 Bow Saw
30:10 Fletching
42:54 Heavy Plow
46:39 Caravan
55:04 Sanctity
54:55 Fervor
Red_Tiger
4:55 Loom
11:42 Feudal Age
17:57 Castle Age
18:06 Light Cavalry
20:52 Horse Collar
23:04 Scale Barding Armor
23:16 Town Watch
24:52 Elite Skirmisher
26:37 Bloodlines
27:25 Fletching
28:54 Forging
31:09 Manipur Cavalry
41:03 Wheelbarrow
43:12 Ballistics
47:33 Town Patrol
53:36 Imperial Age
51:48 Husbandry
51:59 Pikeman
54:27 Halberdier
The Scampy
8:19 Loom
11:24 Feudal Age
18:41 Castle Age
19:35 Forging
21:24 Crossbowman
26:05 Double-Bit Axe
28:39 Wheelbarrow
28:35 Horse Collar
30:30 Pikeman
33:54 Hand Cart
36:44 Iron Casting
36:10 Scale Mail Armor
38:15 Gold Mining
38:16 Stone Mining
38:41 Bow Saw
38:34 Heavy Plow
45:08 Fletching
45:54 Ballistics
45:45 Masonry
45:31 Murder Holes
48:23 Imperial Age
48:34 Imperial Age
49:46 Conscription
48:47 Elite Serjeant
49:34 Hauberk
50:06 Hoardings
49:58 Elite Skirmisher
51:43 Bodkin Arrow
51:49 Padded Archer Armor
52:49 Blast Furnace
51:55 Scale Barding Armor
52:05 Chain Mail Armor
xy
9:57 Feudal Age
16:39 Fletching
20:47 Castle Age
18:51 Double-Bit Axe
20:39 Horse Collar
24:03 Loom
43:42 Scale Mail Armor
44:26 Wheelbarrow
47:00 Bow Saw
47:16 Hand Cart
47:17 Elite Skirmisher
48:26 Pikeman
49:08 Squires
51:42 Bodkin Arrow
51:48 Padded Archer Armor
52:04 Chain Mail Armor
52:01 Forging
56:10 Imperial Age
fylla
4:12 Double-Bit Axe
7:33 Loom
9:39 Feudal Age
10:35 Feudal Age
10:38 Horse Collar
12:58 Bow Saw
15:00 Heavy Plow
15:56 Forging
21:27 Castle Age
20:08 Scale Barding Armor
20:15 Gold Mining
20:38 Stone Mining
21:48 Wheelbarrow
23:24 Two-Man Saw
22:35 Husbandry
23:57 Chain Barding Armor
23:30 Cavalier
29:24 Padded Archer Armor
30:04 Elite Skirmisher
39:36 Imperial Age
39:31 Ballistics
44:57 Hand Cart
44:28 Town Watch
45:16 Crop Rotation
45:25 Gold Shaft Mining
47:11 Chemistry
46:25 Fletching
47:07 Bodkin Arrow
48:08 Leather Archer Armor
48:09 Light Cavalry
51:50 Scale Mail Armor
52:25 Iron Casting
51:52 Pikeman
52:33 Squires
52:50 Chain Mail Armor
52:38 Halberdier
Connection lost

Rejoining the realm…

Still unreachable

The connection could not be restored.

Session expired

The server has moved on; the page needs a fresh start.